 Dungeon Crawl Stone Soup version 0.17.1-1-g73c8601 (webtiles) character file.

249 Goblin1989 the Vexing (level 5, 0/24 HPs)
             Began as a Spriggan Enchanter on Jan 8, 2016.
             Slain by Edmund
             ... wielding a +6 flail of crushing
              (10 damage)
             ... on level 4 of the Dungeon.
             The game lasted 00:21:56 (3533 turns).

Goblin1989 the Vexing (Spriggan Enchanter)          Turns: 3533, Time: 00:21:56

Health: 0/24       AC:  4    Str:  4    XL:     5   Next: 87%
Magic:  10/13      EV: 18    Int: 18    God:
Gold:   140        SH:  0    Dex: 16    Spells: 3 memorised, 8 levels left

rFire  . . .     SeeInvis +     a - +1 dagger
rCold  . . .     Clarity  .     b - +1 robe
rNeg   . . .     SustAt   .     (shield restricted)
rPois  .         Gourm    .     (helmet restricted)
rElec  .         Spirit   .     q - +0 cloak
rCorr  .         Warding  .     (gloves unavailable)
rMut   .         Stasis   .     (boots unavailable)
MR     .....                    (no amulet)
Stlth  ++++......               (no ring)
                                i - ring of flight

@: very quick, not resistant to hostile enchantments, stealthy
A: unfitting armour, see invisible, herbivore 3, speed 3, slow metabolism 2
a: Evoke Flight


You were on level 4 of the Dungeon.
You were not hungry.

You visited 1 branch of the dungeon, and saw 4 of its levels.

You collected 140 gold pieces.

Inventory:

Hand Weapons
 a - a +1 dagger (weapon)
Missiles
 s - 51 stones (quivered)
Armour
 b - a +1 robe (worn)
 q - a +0 cloak (worn)
Jewellery
 i - a ring of flight (left hand)
Scrolls
 e - a scroll of enchant weapon {unknown}
 f - 4 scrolls of remove curse {unknown}
 g - 2 scrolls of random uselessness {unknown}
 j - 2 scrolls of noise {unknown}
 l - a scroll of magic mapping {unknown}
 m - a scroll of blinking {unknown}
 n - 3 scrolls of enchant armour {unknown}
 o - 4 scrolls of identify {unknown}
 p - a scroll of teleportation {unknown}
Potions
 d - a potion of might {unknown}
 h - a potion of agility {unknown}
 k - a potion of cancellation {unknown}
 r - 2 potions of lignification {unknown}
 t - 2 potions of invisibility {unknown}
 v - a potion of ambrosia {unknown}
 w - 2 potions of mutation {unknown}
 x - a potion of brilliance {unknown}
Books
 c - a book of Maledictions

   Spells                             Type                      Level
   a - Corona                         Hexes                        1
   b - Ensorcelled Hibernation        Hexes/Ice                    2
   c - Confuse                        Hexes                        3
   d - Tukima's Dance                 Hexes                        3
   e - Dazzling Spray                 Conjuration/Hexes            3
 u - Jessica's Disquisition on Boosts
   (You found it on level 2 of the Dungeon)

   Spells                             Type                      Level
   a - Swiftness                      Charms/Air                   2


   Skills:
 - Level 1.1 Short Blades
 - Level 3.0 Dodging
 + Level 5.7 Stealth
 * Level 5.2 Spellcasting
 * Level 5.9 Hexes


You had 8 spell levels left.
You knew the following spells:

 Your Spells              Type           Power        Failure   Level  Hunger
a - Corona                Hex            ####...      1%          1    None
b - Ensorcelled Hibernat  Hex/Ice        ###...       8%          2    #......
c - Confuse               Hex            ####....     3%          3    ##.....


Dungeon Overview and Level Annotations

Branches:
Dungeon (4/15)
 Temple: D:4-7

Altars:
Cheibriados
Okawaru

Annotations:
D:4 Edmund, Eustachio


Innate Abilities, Weirdness & Mutations

You are tiny and cannot use many weapons and most armour.
You have supernaturally acute eyesight.
You are a herbivore.
You cover ground extremely quickly.
You need consume almost no food.


Message History

You impale the giant gecko!!
You kill the giant gecko!
Edmund ponders the situation.
You see here a giant gecko corpse.
You hit Edmund.
Edmund is heavily wounded.
You hit Edmund but do no damage.
Edmund is heavily wounded.
You barely miss Edmund.
Edmund is heavily wounded.
Edmund closely misses you.
You hit Edmund but do no damage.
Edmund is heavily wounded.
You hit Edmund.
Edmund is heavily wounded.
You hit Edmund but do no damage.
Edmund is heavily wounded.
Edmund ponders the situation.
Edmund hits you with a flail of crushing!
You die...

#.#
.#..####.!.
#.#
#..........
#.#
#(...###.##
#.# ##. #.#
#.# ..#
#.#####
####
#(#...##
#(†....##
#..@@...#
#.......#
#..........
##.....####
.......#
#.?.....#
#...!...#
##.....##
#...##


You could see Edmund (confused).

Vanquished Creatures
  An ogre (D:4)
  An orc wizard (D:3)
  Jessica (D:2)
  Natasha (thrice) (D:3)
  An adder (D:4)
  4 giant geckos
  6 orcs (D:3)
  7 bats
  3 giant cockroaches
  7 goblins
  7 hobgoblins
  11 kobolds
  A quokka (D:2)
  3 giant newts
  3 jackals (D:3)
  8 rats
67 creatures vanquished.

Notes
Turn   | Place    | Note
--------------------------------------------------------------
     0 | D:1      | Goblin1989 the Spriggan Enchanter began the quest for the Orb.
     0 | D:1      | Reached XP level 1. HP: 9/9 MP: 5/5
   288 | D:1      | Reached XP level 2. HP: 1/13 MP: 4/7
   890 | D:1      | Learned a level 2 spell: Ensorcelled Hibernation
  1436 | D:2      | Found a snail-covered altar of Cheibriados.
  1577 | D:2      | Reached XP level 3. HP: 16/16 MP: 1/8
  2083 | D:2      | Noticed Jessica
  2089 | D:2      | Killed Jessica
  2089 | D:2      | Reached skill level 5 in Stealth
  2106 | D:2      | Identified Jessica's Disquisition on Boosts
  2112 | D:2      | Learned a level 3 spell: Confuse
  2176 | D:2      | Reached XP level 4. HP: 21/21 MP: 10/10
  2929 | D:4      | Noticed Eustachio
  2962 | D:3      | Reached skill level 5 in Hexes
  2971 | D:3      | Found an iron altar of Okawaru.
  3086 | D:3      | Noticed Natasha
  3108 | D:3      | Killed Natasha
  3272 | D:3      | Noticed Natasha
  3273 | D:3      | Reached XP level 5. HP: 18/24 MP: 6/12
  3280 | D:3      | Killed Natasha
  3463 | D:3      | Noticed Natasha
  3471 | D:3      | Killed Natasha
  3494 | D:4      | Noticed an ogre
  3496 | D:4      | Noticed Edmund
  3512 | D:4      | Killed an ogre
  3512 | D:4      | Reached skill level 5 in Spellcasting
  3533 | D:4      | Slain by Edmund

Action                   |  1- 3 |  4- 6 || total
-------------------------+-------+-------++-------
Melee: Dagger            |    99 |    71 ||   170
Throw: Stone             |       |     3 ||     3
 Cast: Corona            |    13 |       ||    13
       Ensorcelled Hiber |    17 |    24 ||    41
       Confuse           |       |     8 ||     8
 Stab: Sleeping          |    22 |    17 ||    39
       Confused          |       |     5 ||     5
  Eat: Bread ration      |       |     1 ||     1
